 Dungeon Sprint DCSS version 0.23-a0-819-g6debee6 (webtiles) character file.

42830 wilfster70 the Messiah (level 14, -5/146 HPs)
             Began as a Hill Orc Monk on Jan 22, 2019.
             Was the Champion of Beogh.
             Hit by a large rock thrown by a stone giant (32 damage)
             ... in the Dungeon (Sprint IX: "|||||||||||||||||||||||||||||").
             The game lasted 00:24:23 (4534 turns).

wilfster70 the Messiah (Hill Orc Monk)              Turns: 4534, Time: 00:24:24

Health: -5/146     AC: 29    Str: 19    XL:     14   Next: 21%
Magic:  6/28       EV: 15    Int: 19    God:    Beogh [******]
Gold:   1051       SH:  7    Dex: 13    Spells: 13/13 levels left

rFire    + . .     SeeInvis +   a - +7 war axe of Eternal Vigilance {chop, *Rage rC+ rN++}
rCold    + + .     Gourm    .   n - +0 buckler
rNeg     + + .     Faith    .   C - +4 chain mail {MR+}
rPois    .         Spirit   .   F - +0 helmet of Ru's Condemnation {rElec rC+ Int+6}
rElec    +         Reflect  .   B - +0 cloak of Keluro {rF+ Int+3}
rCorr    .         Harm     .   A - +1 pair of gloves {archery}
MR       ++...     Rnd*Rage +   o - +1 pair of boots Stlth ..........NoTele +
                                (no amulet)
HPRegen  0.34/turn              q - +2 ring of protection
MPRegen  0.21/turn              E - ring of see invisible

@: no status effects
A: walk on water
a: Smiting, Recall Orcish Followers, Give Item to Named Follower, Resurrection,
Renounce Religion


You were in the Dungeon.
You worshipped Beogh.
Beogh was exalted by your worship.
You were not hungry.

You visited 1 branch You collected 1835 gold pieces.
You spent 784 gold pieces at shops.

Inventory:

Hand Weapons
 a - the +7 war axe of Eternal Vigilance (weapon) {chop, *Rage rC+ rN++}
   (You found it in the Dungeon)

   It inflicts extra damage upon your enemies.
   It protects you from cold.
   It greatly protects you from negative energy.
   It may make you go berserk in combat.
 b - a +4 morningstar of crushing
 t - a +3 war axe of freezing
Armour
 n - a +0 buckler (worn)
 o - a +1 pair of boots (worn)
 A - a +1 pair of gloves of archery (worn)
 B - the +0 cloak of Keluro (worn) {rF+ Int+3}
   (You bought it in a shop in the Dungeon)

   It affects your intelligence (+3).
   It protects you from fire.
 C - a +4 chain mail of magic resistance (worn)
 F - the +0 helmet of Ru's Condemnation (worn) {rElec rC+ Int+6}
   (You found it in the Dungeon)

   It affects your intelligence (+6).
   It protects you from cold.
   It insulates you from electricity.
Jewellery
 p - an uncursed ring of fire
 q - a +2 ring of protection (left hand)
 r - a +3 ring of intelligence
 s - an uncursed ring of ice
 D - an uncursed ring of ice
 E - a ring of see invisible (right hand)
Wands
 m - a wand of acid (10)
 x - a wand of flame (2)
Scrolls
 i - 3 scrolls of blinking
 k - 4 scrolls of remove curse
 l - 2 scrolls of amnesia
 u - 2 scrolls of fog
 v - a scroll of identify
 w - 2 scrolls of fear
Potions
 d - 10 potions of curing
 e - 2 potions of agility
 f - a potion of haste
 g - 6 potions of magic
 h - a potion of invisibility
 j - 5 potions of heal wounds
 z - a potion of berserk rage
 G - a potion of resistance
 H - a potion of mutation
Comestibles
 c - 12 rations
 I - 5 chunks of flesh


   Skills:
 + Level 19.2 Fighting
 - Level 16.0 Axes
 + Level 17.7 Armour
 + Level 14.3 Dodging
 - Level 1.5 Stealth
 * Level 13.4 Shields
 * Level 21.7 Invocations


You had 13 spell levels left.
You didn't know any spells.
Your spell library was empty.

Dungeon Overview and Level Annotations

Branches:
Dungeon (1/1)

Altars:
Cheibriados
Dithmenos
Elyvilon
Fedhas
Gozag
Hepliaklqana
Kikubaaqudgha
Makhleb
Nemelex Xobeh
Okawaru
Qazlal
Ru
Sif Muna
Trog
Uskayaw
Vehumet
Wu Jian
Xom
Yredelemnul
Zin
The Shining One
Beogh
Jiyva
Lugonu

Shops:
D [[?[


Message History

There's nobody here you can resurrect.
An ogre mage comes into view. It is wielding a -2 spear.
The ogre mage shouts!
The stone giant throws a large rock.
You block the large rock.
You see here a large rock.
There's nobody here you can resurrect.
A tengu conjurer comes into view.
The tengu conjurer shouts!
The tengu conjurer casts a spell.
The tengu conjurer blinks!
The ogre mage gestures wildly while chanting.
The ogre mage flickers and vanishes for a moment.
Aiming: Smiting
Press: ? - help, Dir - move target cursor, f - tengu conjurer Smite: a tengu conjurer, wearing a +0 buckler You smite the tengu conjurer!
You kill the tengu conjurer!
Beogh accepts your kill.
The stone giant throws a large rock.
The large rock hits you!!
You die... ▓▓▓▓▓▓▓▓▓▓▓▓▓▓▓▓▓▓▓▓▓▓▓▓ .O.C.[[@ooooo).([(.)..o. ▓▓▓▓▓▓▓▓▓▓▓▓▓▓▓▓▓▓▓▓▓▓▓▓▓▓▓▓▓▓▓▓▓ ooooooooooooooooooooooooooooooooo ▓▓▓▓▓▓▓▓▓▓▓▓▓▓▓▓▓▓♣♣♣♣♣♣♣♣♣♣▓▓▓▓▓ op)o))oppo.p..oo.†.o..oo.o†'..ooo ▓▓▓▓▓▓▓▓▓▓▓▓▓▓▓▓▓▓♣♣♣♣♣♣♣♣♣♣▓▓▓▓▓ p..p.p......ooooooooppp.....(.(o. ▓▓▓▓▓▓▓▓▓▓▓▓▓▓▓▓▓▓▓▓▓▓▓▓▓▓▓▓▓▓▓▓▓ oo.o!.oo...[[[oooooooooooo)).....

You could see a stone giant, an ogre mage (invisible), a friendly orc knight, the friendly Urug, 2 friendly orc sorcerers and a friendly orc warrior.

Vanquished Creatures
  Kirke (D)
  A shadow dragon (D)
  A tengu reaver (D)
  An emperor scorpion (D)
  A stone giant (D)
  2 entropy weavers (D)
  A vampire knight (D)
  4 ettins (D)
  A merfolk javelineer (D)
  2 fire dragons (D)
  2 hydras (D)
  A rakshasa (D)
  Erica (D)
  2 centaur warriors (D)
  2 shambling mangroves (D)
  2 ogre magi (D)
  6 death yaks (D)
  2 tengu warriors (D)
  3 vampire magi (D)
  A glowing orange brain (D)
  3 unseen horrors (D)
  A necromancer (D)
  3 harpies (D)
  3 orc sorcerers (D)
  Maurice (D)
  Joseph (D)
  2 black mambas (D)
  A moth of wrath (D)
  A naga mage (D)
  Psyche (D)
  A spiny frog (D)
  A gargoyle (D)
  A kobold demonologist (D)
  A rime drake (D)
  2 komodo dragons (D)
  A tengu conjurer (D)
  A demonic crawler (D)
  2 merfolk (D)
  2 tyrant leeches (D)
  A slime creature (D)
  2 blink frogs (D)
  A hippogriff (D)
  A hornet (D)
  A bog body (D)
  A basilisk (D)
  A water elemental (D)
  2 hogs (D)
  2 yaks (D)
  A hungry ghost (D)
  2 vampire mosquitoes (D)
  4 nagas (D)
  3 water moccasins (D)
  2 porcupines (D)
  An ice beast (D)
  5 orc warriors (D)
  4 crocodiles (D)
  2 bullfrogs (D)
  2 orc wizards (D)
  A hound (D)
  A jelly (D)
  A worker ant (D)
  3 shadow imps (D)
  An ooze (D)
  A dart slug (D)
  An orc (D)
  A goblin (D)
  A kobold (D)
  A quokka skeleton (D)
  A rat (D)
117 creatures vanquished.

Vanquished Creatures (collateral kills)
  An orc knight (D)
  A fire dragon (D)
  A yaktaur captain (D)
  A naga mage (D)
  A demonic crawler (D)
  A troll (D)
  A hornet (D)
  A snapping turtle (D)
  2 redbacks (D)
  A shadow (D)
  A water elemental (D)
  A centaur (shapeshifter) (D)
  A crimson imp (D)
  An orc wizard (D)
  An adder skeleton (D)
  An orc (D)
17 creatures vanquished.

Vanquished Creatures (others)
  An orc high priest (D)
  A naga ritualist (D)
  2 orc knights (D)
  4 orc sorcerers (D)
  3 orc warriors (D)
  An orc priest (D)
  3 orc wizards (D)
  An orc (D)
16 creatures vanquished.

Grand Total: 150 creatures vanquished

Notes
Turn   | Place    | Note
-------+----------+-------------------------------------------
     0 | D        | wilfster70 the Hill Orc Monk began the quest for the Orb.
     0 | D        | Reached XP level 1. HP: 19/19 MP: 1/1
     8 | D        | Reached skill level 1 in Armour
    16 | D        | Reached skill level 5 in Axes
    16 | D        | Reached XP level 2. HP: 18/27 MP: 2/2
   127 | D        | Noticed an ice beast
   134 | D        | Reached XP level 3. HP: 26/35 MP: 3/3
   143 | D        | Killed an ice beast
   143 | D        | Reached XP level 4. HP: 35/44 MP: 4/4
   143 | D        | Reached XP level 5. HP: 39/50 MP: 5/5
   156 | D        | Found a roughly hewn altar of Beogh.
   156 | D        | Found a snail-covered altar of Cheibriados.
   156 | D        | Found a shadowy altar of Dithmenos.
   156 | D        | Found a white marble altar of Elyvilon.
   156 | D        | Found a blossoming altar of Fedhas.
   156 | D        | Found an opulent altar of Gozag.
   157 | D        | Found a hazy altar of Hepliaklqana.
   158 | D        | Found a viscous altar of Jiyva.
   159 | D        | Became a worshipper of Beogh the Brigand
   159 | D        | Reached * piety under Beogh
   159 | D        | Reached ** piety under Beogh
   160 | D        | Found an ancient bone altar of Kikubaaqudgha.
   161 | D        | Found a corrupted altar of Lugonu.
   162 | D        | Found a burning altar of Makhleb.
   163 | D        | Found a sparkling altar of Nemelex Xobeh.
   164 | D        | Found an iron altar of Okawaru.
   165 | D        | Found a stormy altar of Qazlal.
   166 | D        | Found a sacrificial altar of Ru.
   167 | D        | Found a deep blue altar of Sif Muna.
   168 | D        | Found a bloodstained altar of Trog.
   169 | D        | Found a hide-covered altar of Uskayaw.
   170 | D        | Found a radiant altar of Vehumet.
   171 | D        | Found an ornate altar of the Wu Jian Council.
   172 | D        | Found a shimmering altar of Xom.
   173 | D        | Found a basalt altar of Yredelemnul.
   174 | D        | Found a glowing silver altar of Zin.
   175 | D        | Found a glowing golden altar of the Shining One.
   259 | D        | Killed an unseen horror
   259 | D        | Reached XP level 6. HP: 39/63 MP: 6/6
   259 | D        | Reached XP level 7. HP: 44/70 MP: 7/7
   271 | D        | Killed an unseen horror
   271 | D        | Reached *** piety under Beogh
   271 | D        | Reached skill level 10 in Fighting
   271 | D        | Reached XP level 8. HP: 26/80 MP: 8/8
   608 | D        | Noticed a centaur warrior
   608 | D        | Noticed a centaur warrior
   622 | D        | Killed a centaur warrior
   622 | D        | Reached skill level 10 in Armour
   622 | D        | Reached XP level 9. HP: 26/90 MP: 5/9
   633 | D        | Killed a centaur warrior
   636 | D        | Reached **** piety under Beogh
   657 | D        | HP: 1/93 [something (8)]
   665 | D        | Killed an unseen horror
   665 | D        | Reached XP level 10. HP: 28/101 MP: 8/10
  1042 | D        | Got the +7 war axe of Eternal Vigilance {chop, *Rage rC+
                  | rN++}
  1061 | D        | Reached ***** piety under Beogh
  1065 | D        | Reached skill level 10 in Dodging
  1066 | D        | Noticed a spiny frog
  1078 | D        | Reached skill level 1 in Invocations
  1091 | D        | Reached skill level 15 in Axes
  1091 | D        | Reached skill level 3 in Invocations
  1109 | D        | Reached skill level 5 in Invocations
  1122 | D        | Killed a spiny frog
  1122 | D        | Gained Argrim as an ally
  1122 | D        | Reached skill level 6 in Invocations
  1344 | D        | Reached ****** piety under Beogh
  1344 | D        | Reached skill level 7 in Invocations
  1357 | D        | Reached skill level 8 in Invocations
  1504 | D        | Noticed a death yak
  1504 | D        | Noticed a death yak
  1504 | D        | Noticed a death yak
  1504 | D        | Noticed a death yak
  1508 | D        | Noticed a death yak
  1516 | D        | Killed a death yak
  1516 | D        | Reached skill level 9 in Invocations
  1516 | D        | Reached XP level 11. HP: 33/111 MP: 16/18
  1526 | D        | Killed a death yak
  1526 | D        | Reached skill level 10 in Invocations
  1529 | D        | Noticed a death yak
  1530 | D        | Killed a death yak
  1530 | D        | Reached skill level 15 in Fighting
  1530 | D        | Reached skill level 11 in Invocations
  1538 | D        | Killed a death yak
  1538 | D        | Reached skill level 12 in Invocations
  1541 | D        | Killed a death yak
  1546 | D        | Killed a death yak
  1546 | D        | Reached skill level 13 in Invocations
  1964 | D        | Noticed Psyche
  1977 | D        | Killed Psyche
  1983 | D        | Noticed Maurice
  1984 | D        | Noticed Erica
  1992 | D        | Killed Erica
  1999 | D        | Killed Maurice
  2126 | D        | Noticed an orc knight
  2126 | D        | Noticed an orc high priest
  2128 | D        | Noticed an ettin
  2147 | D        | Killed an ettin
  2147 | D        | Reached skill level 14 in Invocations
  2150 | D        | Gained Bogbarth as an ally
  2507 | D        | Found Xurof's Armour Boutique.
  2507 | D        | Noticed an orc sorcerer
  2507 | D        | Noticed an orc sorcerer
  2507 | D        | Noticed an orc sorcerer
  2509 | D        | Found Hotya's Magic Scroll Shop.
  2515 | D        | Noticed an orc sorcerer
  2517 | D        | Killed an orc sorcerer
  2519 | D        | Found Pyfed's Armour Boutique.
  2523 | D        | Found Luygoxzi's Antique Armour Shop.
  2524 | D        | Noticed an orc sorcerer
  2526 | D        | Noticed an orc sorcerer
  2531 | D        | Killed an orc sorcerer
  2532 | D        | Noticed an orc sorcerer
  2535 | D        | Killed an orc sorcerer
  2535 | D        | Gained Korbok as an ally
  2535 | D        | Reached skill level 15 in Invocations
  2535 | D        | Reached XP level 12. HP: 80/122 MP: 7/23
  2687 | D        | Bought a scroll of enchant armour for 90 gold pieces
  2689 | D        | Bought a +1 pair of gloves of archery for 181 gold pieces
  2689 | D        | Bought the +0 cloak of Keluro {rF+ Int+3} for 272 gold
                  | pieces
  2711 | D        | Bought a glowing chain mail for 187 gold pieces
  2730 | D        | Bought a +0 buckler for 54 gold pieces
  2789 | D        | Noticed Urug
  2862 | D        | Got the +0 helmet of Ru's Condemnation {rElec rC+ Int+6}
  2944 | D        | Noticed a four-headed hydra
  2946 | D        | Reached skill level 1 in Shields
  2952 | D        | Killed a four-headed hydra
  2952 | D        | Reached skill level 15 in Armour
  2954 | D        | Noticed a tengu warrior
  2957 | D        | Noticed a fire dragon
  2958 | D        | Noticed a vampire mage
  2964 | D        | Noticed an ettin
  2973 | D        | Killed a fire dragon
  2973 | D        | Reached skill level 16 in Invocations
  2977 | D        | Killed a tengu warrior
  2987 | D        | Killed a vampire mage
  2993 | D        | Killed an ettin
  3150 | D        | Noticed an ettin
  3150 | D        | Noticed an ogre mage
  3159 | D        | Killed an ettin
  3159 | D        | Reached skill level 5 in Shields
  3159 | D        | Reached skill level 17 in Invocations
  3165 | D        | Killed an ogre mage
  3453 | D        | Noticed Kirke
  3468 | D        | Killed Kirke
  3512 | D        | Noticed Joseph
  3526 | D        | Killed Joseph
  3526 | D        | Reached skill level 18 in Invocations
  3612 | D        | Noticed a shambling mangrove
  3618 | D        | Noticed an eight-headed hydra
  3633 | D        | Noticed a shambling mangrove
  3634 | D        | Killed an eight-headed hydra
  3634 | D        | Reached XP level 13. HP: 120/133 MP: 19/26
  3657 | D        | Gained Bogmar as an ally
  3729 | D        | Noticed an entropy weaver
  3729 | D        | Noticed an entropy weaver
  3731 | D        | Killed an entropy weaver
  3731 | D        | Reached skill level 19 in Invocations
  3736 | D        | Killed an entropy weaver
  3742 | D        | Noticed an emperor scorpion
  3759 | D        | Killed an emperor scorpion
  3903 | D        | Reached skill level 10 in Shields
  4192 | D        | Noticed a merfolk javelineer
  4196 | D        | Reached skill level 20 in Invocations
  4217 | D        | Killed a merfolk javelineer
  4438 | D        | Noticed a shadow dragon
  4438 | D        | Noticed a stone giant
  4438 | D        | Noticed a fire dragon
  4438 | D        | Noticed a fire dragon
  4444 | D        | Killed a fire dragon
  4444 | D        | Noticed a yaktaur captain
  4450 | D        | Your ally Argrim died
  4453 | D        | Noticed a tengu reaver
  4453 | D        | Your ally Bogmar died
  4456 | D        | Killed a fire dragon
  4459 | D        | Noticed an ettin
  4461 | D        | Killed a stone giant
  4462 | D        | Noticed a vampire knight
  4466 | D        | Killed a shadow dragon
  4470 | D        | Killed a yaktaur captain
  4470 | D        | Reached skill level 21 in Invocations
  4479 | D        | Killed a tengu reaver
  4479 | D        | Reached XP level 14. HP: 69/144 MP: 26/28
  4503 | D        | Killed a vampire knight
  4513 | D        | Your ally Argrim died
  4531 | D        | Noticed a stone giant
  4534 | D        | Hit by a large rock thrown by a stone giant

Vault maps used:
D:        linesprint

Skill      XL: |  1  2  3  4  5  6  7  8  9 10 11 12 13 14 |
---------------+-------------------------------------------+-----
Armour         | 1 2 4 7 8 10 12 13 14 16 17 | 17.7
Fighting       | 4 6 9 10 11 13 14 16 17 18 19 | 19.2
Axes           | 5 6 8 13 14 16 | 16.0
Dodging        | 3 4 6 7 8 9 10 12 13 14 | 14.3
Invocations    | 9 15 18 21 | 21.7
Shields        | 7 12 13 | 13.4
Stealth        | |  1.5

Action                   |  1- 3 |  4- 6 |  7- 9 | 10-12 | 13-15 || total
-------------------------+-------+-------+-------+-------+-------++-------
Melee: Hand axe          |    28 |     7 |       |       |       ||    35
       War axe           |       |    16 |    65 |   231 |   148 ||   460
       Morningstar       |       |       |       |     2 |       ||     2
Invok: Smiting           |       |       |     1 |    27 |    20 ||    48
       Give Item to Name |       |       |       |     2 |     1 ||     3
       Recall Orcish Fol |       |       |       |     2 |       ||     2
       Stop Recall       |       |       |       |     2 |       ||     2
       Resurrection      |       |       |       |       |     1 ||     1
  Use: Potion            |     1 |     1 |     2 |       |     2 ||     6
       Scroll            |       |       |       |     4 |       ||     4
 Stab: Distracted        |       |       |       |       |     1 ||     1
  Eat: Chunk             |       |       |       |     8 |     3 ||    11
       Ration            |       |       |       |     1 |       ||     1
Armor: Robe              |     2 |       |       |       |       ||     2
       Chain mail        |       |    21 |    36 |    94 |    44 ||   195
Dodge: Dodged            |    12 |     7 |    15 |    70 |    71 ||   175
Block: Buckler           |       |       |       |    11 |    34 ||    45

Table legend:
 A = Non-vault XP
 B = Vault XP
 C = Vault XP percentage of total XP
 D = Non-vault monster count
 E = Vault monster count
 F = Vault count percentage of total count
                 A         B        C        D         E       F
            +---------+---------+-------+---------+---------+-------
      Total |     208 |   60978 |  99.7 |       1 |     133 |  99.3
            +---------+---------+-------+---------+---------+-------
          D |     208 |   60978 |  99.7 |       1 |     133 |  99.3
            +---------+---------+-------+---------+---------+-------
